 Dungeon Crawl Stone Soup version 0.31-a0-237-g2d982f9f85 (webtiles) character file.

Game seed: 7057545403867829239

290 billz999 the Chopper (level 6, -3/51 HPs)
             Began as a Gnoll Reaver on June 16, 2023.
             Killed from afar by an orc wizard (4 damage)
             ... with a magic dart
             ... on level 5 of the Dungeon on July 12, 2023.
             The game lasted 00:09:41 (3794 turns).

billz999 the Chopper (Gnoll Reaver)                 Turns: 3794, Time: 00:09:42

Health: -3/51      AC:  5    Str: 11    XL:     6   Next: 32%
Magic:  14/14      EV: 12    Int: 15    God:
Gold:   210        SH:  0    Dex: 10    Spells: 14/15 levels left

rFire   + . .        a - +1 hand axe of Sunlight {freeze, rC+}
rCold   . . .        (no shield)
rNeg    . . .        l - +0 leather armour
rPois   .            w - +0 helmet {SInv}
rElec   .            (no cloak)
rCorr   .            m - +0 pair of gloves
SInv    +            (no boots)
Will    .....        v - amulet of faith
Stlth   +            d - ring of fire
HPRegen 0.28/turn    (no ring)
MPRegen 0.14/turn

%: faith
@: confused, lethally poisoned (-3 -> -27), ambrosia-drunk
A: fangs 1, strong nose, distributed training
a: no special abilities


You were on level 5 of the Dungeon.
You visited 1 branch of the dungeon, and saw 5 of its levels.

You collected 210 gold pieces.

Inventory:

Hand Weapons
 a - the +1 hand axe of Sunlight (weapon) {freeze, rC+}
   (You found it on level 2 of the Dungeon)

   rC:        It protects you from cold.
 b - a +0 arbalest
 k - a +0 hand axe
Missiles
 i - 3 throwing nets
Armour
 l - a +0 leather armour (worn)
 m - a +0 pair of gloves (worn)
 w - a +0 helmet of see invisible (worn)
Jewellery
 d - a ring of fire (left hand)
 v - an amulet of faith (around neck)
Wands
 r - a wand of charming (4)
 t - a wand of roots (5)
Scrolls
 f - a scroll of revelation {unknown}
 g - a scroll of teleportation {unknown}
 h - a scroll of enchant armour {unknown}
 o - a scroll of fear {unknown}
 p - 3 scrolls of noise {unknown}
 q - a scroll of vulnerability {unknown}
 u - 2 scrolls of silence {unknown}
Potions
 c - a potion of curing {unknown}
 e - a potion of brilliance {unknown}
 j - a potion of haste
 n - a potion of ambrosia
 s - 2 potions of mutation {unknown}


   Skills:
 + Level 5.0 Fighting
 + Level 2.0 Short Blades
 + Level 2.0 Long Blades
 + Level 6.8 Axes
 + Level 2.0 Maces & Flails
 + Level 2.0 Polearms
 + Level 2.0 Staves
 + Level 2.0 Ranged Weapons
 + Level 2.0 Throwing
 + Level 2.0 Armour
 + Level 5.0 Dodging
 + Level 2.0 Stealth
 + Level 2.0 Shields
 + Level 2.0 Unarmed Combat
 + Level 5.4 Spellcasting
 + Level 5.6 Conjurations
 + Level 1.5 Hexes
 + Level 1.5 Summonings
 + Level 1.5 Necromancy
 + Level 1.5 Translocations
 + Level 1.5 Transmutations
 + Level 1.5 Fire Magic
 + Level 1.5 Ice Magic
 + Level 1.5 Air Magic
 + Level 1.5 Earth Magic
 + Level 1.5 Poison Magic
 + Level 2.2 Invocations
 + Level 2.0 Evocations


You had 14 spell levels left.
You knew the following spells:

 Your Spells              Type           Power      Damage    Failure   Level
a - Kiss of Death         Conj/Necr      56%        2d9       4%          1

Your spell library contained the following spells:

 Spells                   Type           Power      Damage    Failure   Level
 Momentum Strike          Conj/Tloc      28%        3d8       7%          2
 Hailstorm                Conj/Ice       14%        3d5       14%         3


Dungeon Overview and Level Annotations

Branches:
Dungeon (5/15)
 Temple: D:4-7

Altars:
Ashenzari
Fedhas
Qazlal
Vehumet
Yredelemnul

Annotations:
D:4 1 runed translucent door, HallandMoats's ghost, novice DsFi


Innate Abilities, Weirdness & Mutations

You have very sharp teeth.
Your uncanny sense of smell can sniff out nearby items.
Your experience applies equally to all skills.


Message History

You miss the orc wizard.
You bite the orc wizard, but do no damage.
The orc wizard is heavily wounded.
You hit the orc. You freeze the orc.
You kill the orc!
You feel very sick.
The orc wizard hits you but does no damage.
You are more poisoned.
You hit the orc wizard. You freeze the orc wizard.
The orc wizard is severely wounded.
You feel very sick.
The orc wizard hits you with a +3 dagger of venom.
You are more poisoned.
You closely miss the orc wizard.
The orc wizard is severely wounded.
You feel very sick.
The orc wizard hits you with a +3 dagger of venom.
You are lethally poisoned!
You hit the orc wizard. You freeze the orc wizard.
The orc wizard is severely wounded.
* * * LOW HITPOINT WARNING * * *
You feel extremely sick.
The orc wizard hits you with a +3 dagger of venom.
* * * LOW HITPOINT WARNING * * *
You are more poisoned.
You closely miss the orc wizard. Your bite misses the orc wizard.
The orc wizard is severely wounded.
* * * LOW HITPOINT WARNING * * *
You feel extremely sick.
The orc wizard points at you and mumbles some strange words.
The magic dart hits you.
* * * LOW HITPOINT WARNING * * *
It was a potion of ambrosia.
You are confused.
You feel invigorated.
* * * LOW HITPOINT WARNING * * *
You feel extremely sick.
The orc wizard points at you and mumbles some strange words.
The magic dart hits you.
You die...

o# #[ ∆#o ..
###o #..
##.##
##.)o##
##...@.##
#.......#
#.......#
#.......#
##......##
##......##
#.#.#.###
####
##.#.....##
..(#
#...........


You could see an orc wizard.

Vanquished Creatures
  A kobold brigand (D:4)
  An orc wizard (D:3)
  Ijyb (D:4)
  Robin (D:3)
  4 adders
  A shadow imp (D:5)
  8 orcs
  8 ball pythons
  9 bats
  5 endoplasms
  3 giant cockroaches
  26 goblins
  7 hobgoblins
  13 kobolds
  5 quokkas
  6 frilled lizards
  5 rats
104 creatures vanquished.

Notes
Turn   | Place    | Note
-------+----------+-------------------------------------------
     0 | D:1      | billz999 the Gnoll Reaver began the quest for the Orb.
     0 | D:1      | Reached XP level 1. HP: 20/20 MP: 6/6
   257 | D:1      | Reached XP level 2. HP: 26/26 MP: 7/7
   341 | D:1      | Found a faded altar of an unknown god.
   560 | D:1      | Reached skill level 5 in Spellcasting
   560 | D:1      | Reached XP level 3. HP: 31/31 MP: 7/9
   628 | D:1      | Upgraded the game from 0.31-a0-175-g9f7f995f2b to
                  | 0.31-a0-237-g2d982f9f85
   652 | D:1      | Reached skill level 1 in Invocations
  1201 | D:2      | Reached skill level 1 in Short Blades
  1201 | D:2      | Reached skill level 1 in Long Blades
  1201 | D:2      | Reached skill level 1 in Maces & Flails
  1201 | D:2      | Reached skill level 1 in Polearms
  1201 | D:2      | Reached skill level 1 in Staves
  1201 | D:2      | Reached skill level 1 in Ranged Weapons
  1201 | D:2      | Reached skill level 1 in Throwing
  1201 | D:2      | Reached skill level 1 in Armour
  1201 | D:2      | Reached skill level 1 in Stealth
  1201 | D:2      | Reached skill level 1 in Shields
  1201 | D:2      | Reached skill level 1 in Unarmed Combat
  1201 | D:2      | Reached skill level 1 in Evocations
  1250 | D:2      | Reached XP level 4. HP: 38/38 MP: 11/11
  1455 | D:2      | Identified the +1 hand axe of Sunlight {freeze, rC+}
  1675 | D:2      | Reached skill level 1 in Hexes
  1675 | D:2      | Reached skill level 1 in Summonings
  1675 | D:2      | Reached skill level 1 in Necromancy
  1675 | D:2      | Reached skill level 1 in Translocations
  1675 | D:2      | Reached skill level 1 in Transmutations
  1675 | D:2      | Reached skill level 1 in Fire Magic
  1675 | D:2      | Reached skill level 1 in Ice Magic
  1675 | D:2      | Reached skill level 1 in Air Magic
  1675 | D:2      | Reached skill level 1 in Earth Magic
  1675 | D:2      | Reached skill level 1 in Poison Magic
  2123 | D:3      | Noticed Robin
  2126 | D:3      | Killed Robin
  2136 | D:3      | Reached XP level 5. HP: 38/43 MP: 12/12
  2325 | D:3      | Found a stormy altar of Qazlal.
  2357 | D:3      | Found a broken altar of Ashenzari.
  2594 | D:3      | Found a radiant altar of Vehumet.
  2765 | D:4      | Noticed Ijyb
  2778 | D:4      | Killed Ijyb
  3117 | D:4      | Found a basalt altar of Yredelemnul.
  3200 | D:4      | Noticed a kobold brigand
  3219 | D:4      | Killed a kobold brigand
  3220 | D:4      | Reached skill level 5 in Fighting
  3220 | D:4      | Reached skill level 5 in Dodging
  3220 | D:4      | Reached XP level 6. HP: 29/51 MP: 14/14
  3470 | D:4      | Found a blossoming altar of Fedhas.
  3496 | D:4      | Found a runed translucent door.
  3497 | D:4      | Noticed HallandMoats's ghost (novice DsFi)
  3695 | D:5      | Entered Level 5 of the Dungeon
  3793 | D:5      | HP: 2/51 [orc wizard/magic dart (1)]
  3794 | D:5      | Killed from afar by an orc wizard

Illustrated notes

Levels and vault maps discovered:
D:1:      dpeg_arrival_tiny_a, layout_loops_corners,
          chequers_ecumenical_altar_twisty, hangedman_decor_clover_reticule,
          minmay_misc_feat_five, grunt_decor_fettered
D:2:      layout_basic, minmay_tall_x
D:3:      layout_loops_cross, mainiacjoe_overflow_catwalk,
          nicolae_qazlal_scattered_showers, vehumet_crystals,
          chequers_serial_rivers_small_3, uniq_robin
D:4:      layout_basic, kennysheep_mini, overflow_temple_1_default,
          ebering_ghost_reflecting_pool, lexackson_kobold_supper, uniq_ijyb
D:5:      layout_loops_cross, mainiacjoe_overflow_surrounded_room,
          gammafunk_temple_overflow_forgotten

Skill      XL: |  1  2  3  4  5  6 |
---------------+-------------------+-----
Spellcasting   | 5 |  5.4
Invocations    | 1 2 |  2.2
Short Blades   | 1 2 |  2.0
Long Blades    | 1 2 |  2.0
Maces & Flails | 1 2 |  2.0
Polearms       | 1 2 |  2.0
Staves         | 1 2 |  2.0
Ranged Weapons | 1 2 |  2.0
Throwing       | 1 2 |  2.0
Armour         | 1 2 |  2.0
Stealth        | 1 2 |  2.0
Shields        | 1 2 |  2.0
Unarmed Combat | 1 2 |  2.0
Evocations     | 1 2 |  2.0
Hexes          | 1 |  1.5
Summonings     | 1 |  1.5
Necromancy     | 1 |  1.5
Translocations | 1 |  1.5
Transmutations | 1 |  1.5
Fire Magic     | 1 |  1.5
Ice Magic      | 1 |  1.5
Air Magic      | 1 |  1.5
Earth Magic    | 1 |  1.5
Poison Magic   | 1 |  1.5
Fighting       | 5 |  5.0
Dodging        | 5 |  5.0
Axes           | |  6.8
Conjurations   | |  5.6

Action                     |  1- 3 |  4- 6 || total
---------------------------+-------+-------++-------
  Melee: Hand axe          |   109 |   112 ||   221
         Bite              |     8 |     8 ||    16
         Punch             |       |     1 ||     1
   Fire: Arbalest          |       |    82 ||    82
    Use: Potion            |       |     1 ||     1
   Stab: Sleeping          |     1 |     1 ||     2
 Armour: Leather armour    |    36 |    31 ||    67
  Dodge: Dodged            |    83 |    94 ||   177

Table legend: (Time is in decaauts)
 A = Elapsed time spent in this place.
 B = Non-inter-level travel time spent in this place.
 C = Inter-level travel time spent in this place.
 D = Time resting spent in this place.
 E = Time spent auto-exploring this place.
 F = Levels seen in this place.
 G = Mean time per level.
                   A        B        C        D        E       F      G
               +--------+--------+--------+--------+--------+-----+--------+
         Total |   3847 |   3681 |    166 |    100 |   2806 |   5 |  769.4 |
       Dungeon |   3847 |   3681 |    166 |    100 |   2806 |   5 |  769.4 |
               +--------+--------+--------+--------+--------+-----+--------+

Top non-repeatable levels by time:
     D:1: 1022 daAuts
     D:4: 948 daAuts
     D:2: 910 daAuts
     D:3: 866 daAuts
     D:5: 100 daAuts
